 Dungeon Crawl Stone Soup version 0.31-a0-1074-g0b22e4e0f1 (webtiles) character file.

Game seed: 267309807506743457

59642 Jeffwins the Summoner (level 14, -3/69 HPs)
             Began as a Vine Stalker Summoner on Dec 1, 2023.
             Was a High Priest of Vehumet.
             Slain by an orc knight
             ... wielding a +0 halberd
              (15 damage)
             ... on level 1 of the Orcish Mines.
             The game lasted 00:43:28 (21929 turns).

Jeffwins the Summoner (Vine Stalker Summoner)      Turns: 21929, Time: 00:43:29

Health: -3/69      AC:  6    Str: 12    XL:     14   Next: 95%
Magic:  0/37       EV: 11    Int: 25    God:    Vehumet [*****.]
Gold:   1562       SH:  0    Dex: 15    Spells: 6/31 levels left

rFire   . . .        a - +3 battleaxe (freeze)
rCold   . . .        (shield currently unavailable)
rNeg    . . .        X - +0 troll leather armour
rPois   .            S - +2 hat
rElec   .            (no cloak)
rCorr   .            r - +0 pair of gloves
SInv    .            (no boots)
Will    +....        (no amulet)
Stlth   +++          I - +6 ring of intelligence
HPRegen 1.91/turn    W - ring of magical power
MPRegen 0.25/turn

%: guardian spirit
@: no status effects
A: fangs 3, regeneration 1, magic shield, antimagic bite, no potion heal 2
a: Renounce Religion


You were on level 1 of the Orcish Mines.
You worshipped Vehumet.
Vehumet was extremely pleased with you.
You visited 4 branches of the dungeon, and saw 20 of its levels.

You collected 1562 gold pieces.


Innate Abilities, Weirdness & Mutations

You have razor-sharp teeth.
Your natural rate of healing is unusually fast.
When hurt, damage is shared between your health and your magic reserves.
Your bite disrupts and absorbs the magic of your enemies.
Potions cannot restore your health.


   Skills:
 + Level 5.9 Fighting
 * Level 6.3 Axes
 + Level 4.6 Throwing
 - Level 1.5 Dodging
 - Level 5.0 Stealth
 + Level 0.5 Shields
 * Level 9.0 Spellcasting
 * Level 8.4 Conjurations
 * Level 9.5 Summonings
 - Level 8.0 Transmutations
 * Level 7.8 Fire Magic
 * Level 5.5 Ice Magic
 - Level 8.0 Air Magic
 * Level 5.0 Earth Magic
 * Level 8.0 Poison Magic
 + Level 4.8 Evocations


You had 6 spell levels left.
You knew the following spells:

 Your Spells              Type           Power      Damage    Failure   Level
c - Call Canine Familiar  Summ           56%        N/A       1%          3
d - Lee's Rapid Deconstr  Erth           18%        3d11*     7%          5
f - Freezing Cloud        Conj/Ice/Air   23%        6-21      2%          5
l - Summon Lightning Spi  Summ/Air       53%        N/A       1%          4
m - Mephitic Cloud        Conj/Pois/Air  51%        N/A       1%          3
x - Ignite Poison         Fire/Tmut/Pois 50%        N/A       1%          3
z - Poisonous Vapours     Pois/Air       100%       N/A       1%          2

Your spell library contained the following spells:

 Spells                   Type           Power      Damage    Failure   Level
 Fireball                 Conj/Fire      25%        3d11      1%          5
 Foxfire                  Conj/Fire      100%       2x1d9     1%          1
 Kiss of Death            Conj/Necr      100%       2d13      1%          1
 Magic Dart               Conj           100%       1d8       1%          1
 Shock                    Conj/Air       100%       1d9       1%          1
 Summon Small Mammal      Summ           100%       N/A       1%          1
 Call Imp                 Summ           100%       N/A       1%          2
 Cigotuvi's Dreadful Rot  Necr/Pois/Air  76%        N/A       1%          2
 Momentum Strike          Conj/Tloc      64%        3d9       1%          2
 Searing Ray              Conj           100%       2d8       1%          2
 Swiftness                Air            50%        N/A       1%          3
 Airstrike                Air            25%        2d(4-20)  1%          4
 Sticky Flame             Conj/Fire      51%        2d7       1%          4
 Irradiate                Conj/Tmut      25%        3d20      1%          5
 Iskenderun's Battlesphe  Conj           52%        2d10      1%          5
 Ozocubu's Armour         Ice            39%        N/A       2%          3
 Summon Guardian Golem    Hex/Summ       35%        N/A       3%          3
 Animate Armour           Summ/Erth      94%        N/A       3%          4
 Fulminant Prism          Conj/Hex       16%        3d11      3%          4
 Iskenderun's Mystic Bla  Conj/Tloc      32%        2d8       3%          4
 Petrify                  Tmut/Erth      43%        N/A       4%          4
 Sublimation of Blood     Necr           11%        N/A       11%         2
 Bombard                  Conj/Erth      22%        9d4       17%         6
 Leda's Liquefaction      Hex/Erth       11%        N/A       24%         4
 Metabolic Englaciation   Hex/Ice        12%        N/A       52%         5
 Dispel Undead            Necr           11%        3d9       56%         4
 Simulacrum               Ice/Necr       12%        N/A       98%         6
 Death Channel            Necr           5%         N/A       100%        6
 Spellforged Servitor     Conj/Summ      27%        N/A       34%         7
 Orb of Destruction       Conj           26%        9d9       41%         7
 Ignition                 Fire           25%        3d8       98%         8

Inventory:

Hand Weapons
 a - a +3 battleaxe of freezing (weapon)
Missiles
 z - 4 curare-tipped darts {=f}
 E - 3 throwing nets {=f}
 Y - 34 poisoned darts
Armour
 d - a +0 kite shield
 q - a +2 robe of cold resistance
 r - a +0 pair of gloves (worn)
 O - +0 ice dragon scales
 S - a +2 hat (worn)
 X - a +0 troll leather armour (worn)
Magical Staves
 u - the staff "Ybimoe" {rPois rN+ rCorr Poison}
   (You found it on level 3 of the Lair of Beasts)

   [staff of poison]

   Base accuracy: +5 Base damage: 5 Base attack delay: 1.2 This weapon's minimum
   attack delay (0.6) is reached at skill level 12.
   rPois:     It protects you from poison rN+: It protects you from negative
   energy.
   rCorr:     It protects you from acid and corrosion.
   Poison:    It increases the power of your Poison spells.
   It falls into the 'Staves' category.
   It is a one-handed weapon.
Jewellery
 f - a ring of fire
 h - a ring of willpower
 C - a ring of protection from cold
 I - a +6 ring of intelligence (left hand)
 L - a ring of flight
 N - a ring of positive energy
 P - a ring of poison resistance
 R - a ring of resist corrosion
 W - a ring of magical power (right hand)
Wands
 w - a wand of iceblast (13)
 x - a wand of light (26)
 y - a wand of charming (19)
 F - a wand of polymorph (14)
 G - a wand of flame (7)
 U - a wand of mindburst (19)
Scrolls
 g - 12 scrolls of teleportation {@r4}
 i - 3 scrolls of blinking
 l - a scroll of immolation {!r}
 m - 2 scrolls of enchant weapon
 n - 5 scrolls of vulnerability {!r}
 p - a scroll of summoning
 s - 2 scrolls of fog
 v - a scroll of fear
 D - 2 scrolls of identify {@r1}
 K - 2 scrolls of poison {!r}
 Q - 2 scrolls of enchant armour
 V - 2 scrolls of revelation
Potions
 b - a potion of brilliance
 c - a potion of mutation {!q}
 j - 6 potions of curing {@q1}
 k - 3 potions of might
 o - 3 potions of cancellation
 t - a potion of enlightenment
 A - 3 potions of invisibility
 B - 4 potions of magic
 H - 3 potions of ambrosia
 M - 3 potions of haste {@q3}
Miscellaneous
 e - a phantom mirror (inert)
 J - a phial of floods
 T - a condenser vane (inert)
 Z - a box of beasts (inert)

Dungeon Overview and Level Annotations

Branches:
Dungeon (13/15)            Temple (1/1) D:6            Lair (5/5) D:10
 Shoals (0/4) Lair:2       Spider (0/4) Lair:2        Slime (0/5) Lair:4
    Orc (1/2) D:10
 Vaults: D:13-14

Altars:
Ashenzari
Cheibriados
Dithmenos
Elyvilon
Fedhas
Gozag
Hepliaklqana
Kikubaaqudgha
Makhleb
Nemelex Xobeh
Okawaru
Qazlal
Ru
Sif Muna
Trog
Uskayaw
Vehumet
Wu Jian
Xom
Yredelemnul
Zin
The Shining One

Shops:
D:2 *   D:10 =   Orc:1 (

Annotations:
D:8 3 runed translucent doors, SecretSquirrel's ghost, journeyman VSGl
D:10 4 transporters

..... . ....#.
# #..#.#.▒▒
##......∩
##.....#.▒
##.......§###..
.......{)[§☼§..
...$..)@>[[§§..
.#...)°○§§§..☼.
.....☼o).§.....
.#..$○§§○§.....
..###○§°§○.§§☼.
. §▓▓§§§§☼§§§
#§ ▓§§▓▓§§§. §°
.^§▓ ...§


You could see an orc knight.


Message History

Vehumet accepts your kill. The orc hits you with a +0 dagger.
* * * LOW HITPOINT WARNING * * *
The orc hits you with a +0 dagger.
* * * LOW HITPOINT WARNING * * *
You hear some strange, mumbled words.
A puff of flame appears from out of thin air!
The puff of flame hits you but does no damage.
The orc knight is engulfed in freezing vapours.
The orc knight completely misses you.
You hit the orc. You freeze the orc.
You kill the orc!
Vehumet accepts your kill.
You feel your power returning.
You barely miss something. Something hits you but does no damage.
The orc knight is engulfed in freezing vapours.
The orc knight barely misses you.
You hit something but do no damage. Something hits you but does no damage.
The orc knight hits you from afar with a +0 halberd!
* * * LOW HITPOINT WARNING * * *
The orc knight barely misses you. Something hits you.
* * * LOW HITPOINT WARNING * * *
Unknown command.
You miss something.
You hear some strange, mumbled words.
A puff of flame appears from out of thin air!
The puff of flame hits you!
* * * LOW HITPOINT WARNING * * *
The orc knight hits you from afar with a +0 halberd!
You die...

Skill      XL: |  1  2  3  4  5  6  7  8  9 10 11 12 13 14 |
---------------+-------------------------------------------+-----
Stealth        | 3 4 5 |  5.0
Spellcasting   | 3 4 5 6 7 8 9 |  9.0
Fighting       | 1 2 3 4 5 |  5.9
Air Magic      | 1 2 3 4 5 6 7 8 |  8.0
Conjurations   | 1 2 3 4 5 6 7 8 |  8.4
Poison Magic   | 1 2 3 4 5 6 7 8 |  8.0
Summonings     | 5 6 7 8 9 |  9.5
Fire Magic     | 1 2 3 4 5 6 7 |  7.8
Transmutations | 1 2 3 4 5 6 7 8 |  8.0
Evocations     | 1 2 3 4 |  4.8
Axes           | 1 2 4 5 6 |  6.3
Throwing       | 2 3 4 |  4.6
Ice Magic      | 2 3 4 5 |  5.5
Earth Magic    | 2 3 5 |  5.0
Dodging        | |  1.5
Shields        | |  0.5

Action                     |  1- 3 |  4- 6 |  7- 9 | 10-12 | 13-15 || total
---------------------------+-------+-------+-------+-------+-------++-------
  Melee: Unarmed           |    33 |       |       |       |       ||    33
         Bite              |    12 |    22 |    60 |    22 |    56 ||   172
         Battleaxe         |    18 |   141 |   203 |    75 |   121 ||   558
         Double sword      |       |       |       |       |     3 ||     3
   Fire: Sling             |     9 |       |       |       |       ||     9
   Cast: Call Canine Famil |     1 |       |     2 |     4 |     6 ||    13
         Poisonous Vapours |       |     8 |    42 |   126 |   186 ||   362
         Ignite Poison     |       |       |     9 |    57 |   105 ||   171
         Summon Lightning  |       |       |     2 |     4 |     8 ||    14
         Freezing Cloud    |       |       |       |    27 |    51 ||    78
         Lee's Rapid Decon |       |       |       |       |     7 ||     7
  Evoke: Wand              |       |       |       |     9 |     1 ||    10
         Box of beasts     |       |       |       |       |     1 ||     1
         Phantom mirror    |       |       |       |       |     1 ||     1
         Condenser vane    |       |       |       |       |     1 ||     1
    Use: Scroll            |       |     6 |     6 |     7 |    13 ||    32
         Potion            |       |       |       |       |     2 ||     2
   Stab: Sleeping          |     3 |    11 |     5 |     1 |       ||    20
         Distracted        |       |     1 |     1 |       |     1 ||     3
         Petrified         |       |       |       |       |     4 ||     4
 Armour: Robe              |    22 |   118 |   206 |   100 |       ||   446
         Troll leather arm |       |       |       |    21 |   284 ||   305
  Dodge: Dodged            |    37 |   127 |   171 |    84 |   176 ||   595

Levels and vault maps discovered:
D:1:      lemuel_arrival_muddy, layout_basic, basic_ecumenical_altar,
          corner_web_ring
D:2:      wad_river_or_something, layout_rooms, serial_shops,
          nicolae_shop_crystal, serial_bayou_ford_a, uniq_jessica
D:3:      layout_rooms, nicolae_overflow_squiral, okawaru_metal_pillars_1_2,
          trog_book, lexackson_kobold_supper
D:4:      layout_loops_corners, mainiacjoe_overflow_paths,
          nemelex_diamond_rough_becter, uniq_sigmund, uniq_blork_the_orc,
          uniq_robin
D:5:      layout_basic, chequers_serial_rivers_room_b, uniq_grinder,
          uniq_prince_ribbit1, uniq_menkaure
D:6:      layout_loops_ring, grunt_temple_overflow_gold_and_silver,
          amcnicky_altar_gilded, minmay_temple_entry_tees, st_stairs_14,
          serial_park_tiny_1
D:7:      layout_basic, lemuel_doored_altar
D:8:      layout_loops_ring, gammafunk_ghost_hydra_chop, minmay_statues_item
D:9:      layout_loops_ring, blue_anna_alchemist
D:10:     layout_roguey, mainiacjoe_overflow_alcove_2, jmf_multi_god_temple2,
          david_lair_generic, minmay_orc_entry_temple_small, serial_shops,
          nicolae_shop_gaudy_bauble, nicolae_transporter_circle, uniq_erolcha,
          uniq_harold, uniq_erica
D:11:     layout_basic, minivault_20
D:12:     layout_cave_pools
D:13:     layout_roguey, the_hattery, uniq_rupert
Temple:   hellmonk_temple_beads
Lair:1:   minmay_lair_oklob_tunnel, layout_regular_city
Lair:2:   layout_regular_city, minmay_shoals_entry_lonely_mermaid,
          spider_nest_entry_web_field, grunt_megastairs_5, lemuel_fruit_fields,
          serial_bayou_shore_b, uniq_sonja
Lair:3:   layout_gridlike, ice2_lemuel
Lair:4:   layout_loops_ring, minmay_slime_entry_pillars, serial_bayou_shore_a
Lair:5:   wormcave, layout_regular_city, guppyfry_lair_end_dragon,
          infiniplex_staircase_pool, grunt_megastairs_2
Orc:1:    layout_caves, serial_shops, nicolae_shop_just_a_little_nook, shop,
          nicolae_square_shop, mines2_david

Notes
Turn   | Place    | Note
-------+----------+-------------------------------------------
     0 | D:1      | Jeffwins the Vine Stalker Summoner began the quest for the
                  | Orb.
     0 | D:1      | Reached XP level 1. HP: 9/9 MP: 4/4
   191 | D:1      | Reached XP level 2. HP: 13/13 MP: 6/6
   223 | D:1      | Found a faded altar of an unknown god.
   557 | D:1      | Reached XP level 3. HP: 17/17 MP: 6/8
   564 | D:1      | Learned a level 3 spell: Call Canine Familiar
   568 | D:1      | Learned a level 3 spell: Mephitic Cloud
   717 | D:2      | Noticed Jessica
   721 | D:2      | Killed Jessica
   806 | D:2      | Reached skill level 3 in Stealth
   806 | D:2      | Reached XP level 4. HP: 21/21 MP: 7/9
   944 | D:2      | Found Lefuivua's Assorted Antiques.
   983 | D:2      | Reached skill level 3 in Spellcasting
  1049 | D:2      | Reached skill level 1 in Fighting
  1402 | D:3      | Reached skill level 1 in Air Magic
  1476 | D:3      | Reached skill level 1 in Conjurations
  1553 | D:3      | Found an iron altar of Okawaru.
  1638 | D:3      | Reached skill level 1 in Poison Magic
  1851 | D:3      | Found a bloodstained altar of Trog.
  1901 | D:3      | Reached XP level 5. HP: 25/25 MP: 10/10
  1981 | D:2      | Learned a level 2 spell: Poisonous Vapours
  2046 | D:3      | Found an ornate altar of the Wu Jian Council.
  2047 | D:3      | Found a shadowy altar of Dithmenos.
  2399 | D:4      | Noticed Sigmund
  2463 | D:4      | Killed Sigmund
  2464 | D:4      | Reached skill level 2 in Air Magic
  2464 | D:4      | Reached XP level 6. HP: 28/30 MP: 2/12
  2715 | D:4      | Reached skill level 2 in Conjurations
  2850 | D:4      | Found a sparkling altar of Nemelex Xobeh.
  2874 | D:4      | Noticed Robin
  2905 | D:4      | Killed Robin
  2961 | D:4      | Found a broken altar of Ashenzari.
  3105 | D:4      | Noticed Blork the orc
  3116 | D:4      | Killed Blork the orc
  3117 | D:4      | Reached skill level 2 in Poison Magic
  3117 | D:4      | Reached XP level 7. HP: 28/34 MP: 9/13
  3133 | D:4      | Learned a level 3 spell: Ignite Poison
  3361 | D:5      | Entered Level 5 of the Dungeon
  3363 | D:5      | Noticed Menkaure
  3370 | D:5      | Killed Menkaure
  3371 | D:5      | Reached skill level 5 in Summonings
  3465 | D:5      | Reached skill level 2 in Fighting
  3636 | D:5      | Reached skill level 4 in Spellcasting
  3637 | D:5      | Reached skill level 1 in Fire Magic
  3647 | D:5      | Reached skill level 4 in Stealth
  3647 | D:5      | Reached skill level 1 in Transmutations
  3893 | D:5      | Gained mutation: You have razor-sharp teeth. [Vine Stalker
                  | growth]
  3893 | D:5      | Reached XP level 8. HP: 36/39 MP: 15/15
  3958 | D:5      | Noticed Prince Ribbit
  3959 | D:5      | Noticed Grinder
  3966 | D:5      | Killed Prince Ribbit
  3967 | D:5      | Reached skill level 3 in Conjurations
  3967 | D:5      | Reached skill level 2 in Fire Magic
  3967 | D:5      | Reached skill level 3 in Air Magic
  3967 | D:5      | Reached skill level 3 in Poison Magic
  3975 | D:5      | Reached skill level 2 in Transmutations
  3984 | D:5      | Killed Grinder
  3990 | D:5      | Learned a level 4 spell: Summon Lightning Spire
  4877 | D:6      | Found a hazy altar of Hepliaklqana.
  4912 | D:6      | Reached XP level 9. HP: 43/43 MP: 17/17
  5000 | D:6      | Reached skill level 5 in Spellcasting
  5000 | D:6      | Reached skill level 4 in Conjurations
  5045 | D:6      | Found a staircase to the Ecumenical Temple.
  5059 | Temple   | Entered the Ecumenical Temple
  5074 | Temple   | Became a worshipper of Vehumet
  5213 | D:6      | Found an opulent altar of Gozag.
  5213 | D:6      | Found a glowing silver altar of Zin.
  5393 | D:6      | Reached skill level 3 in Fire Magic
  5503 | D:7      | Reached skill level 4 in Air Magic
  5546 | D:7      | Reached skill level 5 in Stealth
  5549 | D:7      | Reached skill level 6 in Summonings
  5549 | D:7      | Reached skill level 3 in Transmutations
  5663 | D:7      | Found a shimmering altar of Xom.
  5992 | D:7      | Reached skill level 3 in Fighting
  6477 | D:8      | Reached skill level 4 in Poison Magic
  6832 | D:8      | Reached * piety under Vehumet
  6832 | D:8      | Offered knowledge of Magic Dart by Vehumet.
  7008 | D:8      | Reached skill level 1 in Evocations
  7264 | D:8      | Found a runed translucent gate.
  7265 | D:8      | Found a runed translucent gate.
  7266 | D:8      | Found a runed translucent gate.
  7267 | D:8      | Noticed a ten-headed hydra
  7268 | D:8      | Noticed SecretSquirrel's ghost (journeyman VSGl)
  7517 | D:9      | Reached skill level 1 in Axes
  7517 | D:9      | Reached XP level 10. HP: 49/49 MP: 18/19
  7618 | D:9      | Reached skill level 1 in Throwing
  8060 | D:9      | Reached skill level 4 in Fire Magic
  8218 | D:9      | Reached skill level 4 in Transmutations
  8831 | D:10     | Entered Level 10 of the Dungeon
  8847 | D:10     | Found a large runed translucent door.
  8848 | D:10     | Found a large runed translucent door.
  8866 | D:10     | Found a white marble altar of Elyvilon.
  8872 | D:10     | Found a stormy altar of Qazlal.
  8876 | D:10     | Offered knowledge of Sandblast by Vehumet.
  9004 | D:10     | Found Ridyton's Jewellery Emporium.
  9055 | D:10     | Noticed Harold
  9071 | D:10     | Killed Harold
  9071 | D:10     | Reached ** piety under Vehumet
  9072 | D:10     | Reached skill level 2 in Axes
  9072 | D:10     | Reached skill level 5 in Conjurations
  9072 | D:10     | Reached skill level 5 in Air Magic
  9073 | D:10     | Reached skill level 6 in Spellcasting
  9073 | D:10     | Reached skill level 2 in Evocations
  9077 | D:10     | Reached skill level 5 in Poison Magic
  9278 | D:10     | Found a glowing golden altar of the Shining One.
  9311 | D:10     | Found a staircase to the Orcish Mines.
  9322 | D:10     | Noticed Erica
  9327 | D:10     | Killed Erica
  9328 | D:10     | Reached skill level 2 in Throwing
  9328 | D:10     | Reached skill level 7 in Summonings
  9411 | D:10     | Noticed an elephant
  9415 | D:10     | Reached XP level 11. HP: 53/53 MP: 21/21
  9421 | D:10     | Reached skill level 4 in Fighting
  9505 | D:10     | Found a staircase to the Lair.
  9565 | D:10     | Reached skill level 3 in Axes
  9565 | D:10     | Reached skill level 5 in Transmutations
  9566 | D:10     | Reached skill level 5 in Fire Magic
  9679 | D:10     | Noticed Erolcha
  9694 | D:10     | HP: 5/53 [gargoyle/stone arrow (17)]
  9694 | D:10     | HP: 2/53 [gargoyle/+0 mace (3)]
  9832 | D:10     | Killed Erolcha
 10043 | D:10     | Found a transporter.
 10047 | D:10     | Found a transporter.
 10165 | D:10     | Found a transporter.
 10167 | D:10     | Found a transporter.
 10340 | D:10     | Learned a level 5 spell: Freezing Cloud
 10590 | D:11     | Offered knowledge of Stone Arrow by Vehumet.
 10748 | D:11     | Reached skill level 1 in Ice Magic
 10841 | D:11     | Reached *** piety under Vehumet
 11010 | D:11     | Noticed a catoblepas
 11013 | D:11     | Killed a catoblepas
 11014 | D:11     | Reached skill level 6 in Conjurations
 11047 | D:11     | Reached skill level 6 in Air Magic
 11106 | D:11     | Reached skill level 6 in Poison Magic
 11111 | D:11     | Reached skill level 7 in Spellcasting
 11311 | D:11     | Reached skill level 2 in Ice Magic
 11654 | D:12     | Reached skill level 4 in Axes
 11654 | D:12     | Reached skill level 3 in Evocations
 11654 | D:12     | Reached XP level 12. HP: 58/58 MP: 23/23
 11663 | D:12     | Reached skill level 3 in Throwing
 11833 | D:12     | Learned a level 5 spell: Lee's Rapid Deconstruction
 12405 | D:13     | Noticed a tengu warrior
 12535 | D:13     | Reached skill level 6 in Transmutations
 12579 | D:13     | Reached skill level 1 in Earth Magic
 12603 | D:13     | Noticed a centaur warrior
 12608 | D:13     | Killed a centaur warrior
 12608 | D:13     | Offered knowledge of Hailstorm by Vehumet.
 12609 | D:13     | Reached skill level 8 in Summonings
 12610 | D:13     | Reached skill level 6 in Fire Magic
 12613 | D:13     | Reached skill level 3 in Ice Magic
 12979 | D:13     | Noticed Rupert
 12984 | D:13     | Killed a tengu warrior
 12985 | D:13     | Reached skill level 2 in Earth Magic
 13050 | D:13     | Killed Rupert
 13255 | D:13     | Reached XP level 13. HP: 63/63 MP: 25/25
 13541 | Lair:1   | Entered Level 1 of the Lair of Beasts
 13597 | Lair:1   | Reached skill level 7 in Conjurations
 13839 | D:10     | Reached **** piety under Vehumet
 13848 | D:10     | Reached skill level 5 in Axes
 14207 | Lair:1   | Reached skill level 5 in Fighting
 14393 | Lair:1   | Reached skill level 7 in Air Magic
 14501 | Lair:1   | Offered knowledge of Brom's Barrelling Boulder by Vehumet.
 14565 | Lair:1   | Reached skill level 7 in Poison Magic
 14672 | Lair:1   | Reached skill level 3 in Earth Magic
 15120 | Lair:2   | Reached skill level 8 in Spellcasting
 15120 | Lair:2   | Reached skill level 4 in Ice Magic
 15236 | Lair:2   | Noticed Sonja
 15239 | Lair:2   | Killed Sonja
 15362 | Lair:2   | Found a hole to the Spider Nest.
 15875 | Lair:2   | Found a staircase to the Shoals.
 16214 | Lair:3   | Found the +9 sword of Zonguldrok {reap}
 16313 | Lair:3   | Reached skill level 4 in Evocations
 16379 | Lair:3   | Reached skill level 7 in Transmutations
 16453 | Lair:3   | Reached skill level 4 in Throwing
 16475 | Lair:3   | Identified the staff "Ybimoe" {rPois rN+ rCorr Poison}
 17200 | Lair:3   | Got Joejel's Handbook of the Shot
 17548 | Lair:4   | Found a staircase to the Slime Pits.
 17647 | Lair:4   | Reached skill level 7 in Fire Magic
 18166 | Lair:4   | Got Acuac's Cyclopedia of Arcane Combat and the Blink Frog
 18358 | Lair:4   | Reached skill level 9 in Summonings
 18716 | Lair:5   | Entered Level 5 of the Lair of Beasts
 18720 | Lair:5   | Reached XP level 14. HP: 68/68 MP: 27/27
 18753 | Lair:5   | Reached skill level 4 in Earth Magic
 19478 | Lair:5   | Reached skill level 8 in Conjurations
 19485 | Lair:5   | Reached ***** piety under Vehumet
 19485 | Lair:5   | Offered knowledge of Yara's Violent Unravelling by Vehumet.
 19486 | Lair:5   | Reached skill level 6 in Axes
 19647 | Lair:5   | Reached skill level 5 in Ice Magic
 19871 | Lair:5   | HP: 4/68 [poison (poison gas)]
 20564 | Lair:5   | Found a runed translucent door.
 20843 | Lair:5   | Reached skill level 8 in Air Magic
 21077 | Lair:5   | Reached skill level 8 in Poison Magic
 21287 | Orc:1    | Entered Level 1 of the Orcish Mines
 21287 | Orc:1    | Found Soicrug's Weapon Boutique.
 21303 | Orc:1    | Noticed an orc warlord
 21307 | Orc:1    | Reached skill level 5 in Earth Magic
 21659 | D:10     | Reached skill level 9 in Spellcasting
 21802 | D:10     | Killed an orc warlord
 21803 | D:10     | Reached skill level 8 in Transmutations
 21925 | Orc:1    | Offered knowledge of Fireball by Vehumet.
 21929 | Orc:1    | Slain by an orc knight

Vanquished Creatures
  Rupert (D:13)
  An orc warlord (D:10)
  A fire dragon (Lair:5)
  Harold (D:10)
  2 catoblepae
  Erolcha (D:10)
  Erica (D:10)
  A centaur warrior (D:13)
  2 boulder beetles
  3 death yaks (Lair:5)
  A tengu warrior (D:13)
  Sonja (Lair:2)
  A swamp dragon (Lair:5)
  4 lindwurms
  4 oklob plants (Lair:1)
  An orc sorcerer (Orc:1)
  4 ugly things
  A cyclops (D:12)
  A manticore (D:13)
  5 elephants
  An ice statue (Lair:3)
  4 black mambas
  5 gargoyles
  A merfolk siren (Lair:2)
  10 cane toads
  5 torpor snails (Lair:5)
  A tengu conjurer (D:13)
  9 komodo dragons
  7 rime drakes
  4 tyrant leeches (Lair:5)
  2 trolls
  6 hornets (Lair:5)
  4 polar bears
  14 blink frogs
  Prince Ribbit (D:5)
  Grinder (D:5)
  13 slime creatures
  A spriggan (D:13)
  5 wyverns
  2 shadows
  Sigmund (D:4)
  32 yaks
  2 basilisks (Lair:5)
  2 wraiths
  A basilisk (shapeshifter) (D:11)
  2 steam dragons
  6 vampire mosquitoes
  Menkaure (D:5)
  A warg (Orc:1)
  An acid dragon (Lair:5)
  16 water moccasins
  5 ice beasts
  16 orc warriors
  A swamp drake (Lair:5)
  2 black bears (D:10)
  A sky beast (D:7)
  12 wolves
  5 ogres
  4 centaurs
  3 kobold brigands
  13 bullfrogs
  3 phantoms
  Blork the orc (D:4)
  2 scorpions
  A gnoll sergeant (D:9)
  6 wights
  15 killer bees
  3 electric eels
  2 lava snakes (Lair:3)
  4 hounds
  A gnoll bouda (D:7)
  16 orc priests
  6 jellies
  4 sleepcaps
  Jessica (D:2)
  9 iguanas
  12 orc wizards
  Robin (D:4)
  5 adders
  9 gnolls
  A shadow imp (D:5)
  2 white imps
  2 worms (D:2)
  2 dart slugs
  56 orcs
  6 ball pythons
  8 endoplasms
  8 hobgoblins
  2 jackals (D:4)
  19 kobolds
  A quokka (D:5)
  7 bats
  6 frilled lizards
  12 goblins
  7 rats
  2 butterflies (Lair:2)
502 creatures vanquished.

Vanquished Creatures (collateral kills)
  A hydra (Lair:4)
  An ice dragon (Lair:5)
  An ice devil (Lair:3)
  A yak (D:10)
  An acid dragon (D:10)
  An orc warrior (Orc:1)
  An ice beast (Lair:3)
  2 wights
  A gnoll bouda (D:6)
  2 gnolls (D:6)
  A white imp (Lair:3)
  A ball python (D:2)
14 creatures vanquished.

Vanquished Creatures (others)
  An orc wizard (D:5)
1 creature vanquished.

Grand Total: 517 creatures vanquished

Table legend: (Time is in decaauts)
 A = Elapsed time spent in this place.
 B = Non-inter-level travel time spent in this place.
 C = Inter-level travel time spent in this place.
 D = Time resting spent in this place.
 E = Time spent auto-exploring this place.
 F = Levels seen in this place.
 G = Mean time per level.
                   A        B        C        D        E       F      G
               +--------+--------+--------+--------+--------+-----+--------+
         Total |  22371 |  21397 |    974 |   1765 |  16110 |  20 | 1118.6 |
       Dungeon |  14921 |  14254 |    667 |   1236 |  10605 |  13 | 1147.8 |
        Temple |     30 |     16 |     14 |      0 |      0 |   1 |   30.0 |
          Lair |   7373 |   7080 |    293 |    529 |   5504 |   5 | 1474.6 |
  Orcish Mines |     45 |     45 |      0 |      0 |      0 |   1 |   45.0 |
               +--------+--------+--------+--------+--------+-----+--------+

Top non-repeatable levels by time:
    D:10: 2683 daAuts
  Lair:5: 2514 daAuts
     D:9: 1423 daAuts
  Lair:3: 1400 daAuts
  Lair:4: 1278 daAuts
     D:5: 1233 daAuts
    D:11: 1227 daAuts
     D:4: 1173 daAuts
  Lair:1: 1121 daAuts
    D:13: 1067 daAuts
  Lair:2: 1058 daAuts
     D:7: 1016 daAuts
     D:8: 996 daAuts
     D:6: 928 daAuts
     D:3: 854 daAuts

Table legend:
 A = Non-vault XP
 B = Vault XP
 C = Vault XP percentage of total XP
 D = Non-vault monster count
 E = Vault monster count
 F = Vault count percentage of total count
                 A         B        C        D         E       F
            +---------+---------+-------+---------+---------+-------
      Total |   56577 |   28627 |  33.6 |     386 |     128 |  24.9
            +---------+---------+-------+---------+---------+-------
        D:1 |      35 |       0 |   0.0 |      21 |       0 |   0.0
        D:2 |      26 |      53 |  67.1 |      12 |      10 |  45.5
        D:3 |      50 |       9 |  15.3 |      13 |       8 |  38.1
        D:4 |     118 |     340 |  74.2 |      14 |      13 |  48.1
        D:5 |     644 |     718 |  52.7 |      17 |       3 |  15.0
        D:6 |     619 |     133 |  17.7 |      15 |       1 |   6.2
        D:7 |     454 |       0 |   0.0 |      11 |       0 |   0.0
        D:8 |    1251 |       0 |   0.0 |      25 |       0 |   0.0
        D:9 |    1302 |      95 |   6.8 |      25 |       1 |   3.8
       D:10 |    7425 |    4341 |  36.9 |      39 |      19 |  32.8
       D:11 |    4045 |    1051 |  20.6 |      29 |       2 |   6.5
       D:12 |    3752 |       0 |   0.0 |      11 |       0 |   0.0
       D:13 |    8406 |    2027 |  19.4 |      23 |       2 |   8.0
     Lair:1 |    1052 |    2625 |  71.4 |       8 |       5 |  38.5
     Lair:2 |    2080 |    2082 |  50.0 |      10 |       6 |  37.5
     Lair:3 |    2897 |    2184 |  43.0 |      13 |      11 |  45.8
     Lair:4 |    5901 |     372 |   5.9 |      16 |       4 |  20.0
     Lair:5 |   13849 |   12585 |  47.6 |      44 |      39 |  47.0
      Orc:1 |    2671 |      12 |   0.4 |      40 |       4 |   9.1
            +---------+---------+-------+---------+---------+-------
